 Dungeon Crawl Stone Soup version 0.26.1-2-gb8aa6d0cf2 (webtiles) character file.

Game seed: 9543129940880514432

112 Gadfly the Skirmisher (level 4, 0/42 HPs)
             Began as a Troll Artificer on Feb 24, 2021.
             Slain by an orc
             ... wielding a +0 falchion
              (4 damage)
             ... on level 4 of the Dungeon.
             The game lasted 00:02:43 (874 turns).

Gadfly the Skirmisher (Troll Artificer)              Turns: 874, Time: 00:02:44

Health: 0/42       AC:  6    Str: 20    XL:     4   Next: 64%
Magic:  0/3        EV: 10    Int:  7    God:
Gold:   87         SH:  0    Dex: 11    Spells: 3/3 levels left

rFire    . . .     SeeInvis .   a - +0 club
rCold    . . .     Faith    .   (no shield)
rNeg     . . .     Spirit   .   b - +0 robe
rPois    .         Reflect  .   (helmet restricted)
rElec    .         Harm     .   (no cloak)
rCorr    .         Rampage  .   (gloves unavailable)
Will     .....                  (boots unavailable)
Stlth    +.........             m - amulet of the acrobat
HPRegen  0.54/turn              (no ring)
MPRegen  0.08/turn              (no ring)

@: lethally poisoned (0 -> -1)
A: large, unfitting armour, claws 3, blink, regeneration 1, shaggy fur 1, tough
skin 3, subdued magic 1, MP-powered wands
a: Blink


You were on level 4 of the Dungeon.
You visited 1 branch of the dungeon, and saw 3 of its levels.

You collected 87 gold pieces.

Inventory:

Hand Weapons
 a - a +0 club (weapon)
Armour
 b - a +0 robe (worn)
Jewellery
 m - an amulet of the acrobat (around neck)
Wands
 c - a wand of flame (9) (quivered)
 d - a wand of enslavement (15)
 e - a wand of random effects (12)
Potions
 i - a potion of resistance {unknown}
 j - a potion of curing {unknown}
 o - a potion of might {unknown}


   Skills:
 * Level 2.2 Fighting
 * Level 2.1 Maces & Flails
 * Level 1.8 Armour
 - Level 1.9 Dodging
 - Level 0.3 Stealth
 - Level 2.1 Evocations


You had 3 spell levels left.
You didn't know any spells.
Your spell library was empty.

Dungeon Overview and Level Annotations

Branches:
Dungeon (2/15)

Altars:
Xom


Innate Abilities, Weirdness & Mutations

You are too large for most types of armour.
You have claws for hands.
Your natural rate of healing is unusually fast.
You are covered in fur. (AC +1)
You have extremely tough skin. (AC +3)
You can translocate small distances at will.
Your spells are a little easier to cast, but a little less powerful.
You expend magic power (3 MP) to strengthen your wands.


Message History

You hit the orc.
You kill the orc!
The orc closely misses you.
You feel sick.
The orc wizard points at you and mumbles some strange words.
The magic dart hits you.
* * * LOW HITPOINT WARNING * * *
Items here: ( ) [ †.
The orc completely misses you.
You feel sick. The orc misses you.
You see here a poisoned dart.
The orc wizard mumbles some strange words.
The orc wizard blinks!
The orc closely misses you.
Things that are here:
a +0 dagger; a +0 robe; an orc corpse You hit the orc but do no damage.
You feel sick. The orc hits you with a +0 falchion!
* * * LOW HITPOINT WARNING * * *
You barely miss the orc. The orc hits you with a +0 falchion.
You die...

#. .###.####
....(...#
........#
...)..o.#
........#
........####
.##....(.((#
......))o@(#
.........†(#
^^^..#######
._.. ^^^ ..
#


You could see an orc wizard and an orc.

Vanquished Creatures
  2 orc wizards (D:4)
  2 adders
  An ooze (D:1)
  A dart slug (D:1)
  4 orcs (D:4)
  A bat (D:1)
  3 goblins
  7 hobgoblins
  A quokka (D:4)
  2 frilled lizards
  4 kobolds
  2 rats (D:1)
30 creatures vanquished.

Notes
Turn   | Place    | Note
-------+----------+-------------------------------------------
     0 | D:1      | Gadfly the Troll Artificer began the quest for the Orb.
     0 | D:1      | Reached XP level 1. HP: 18/18 MP: 0/0
   104 | D:1      | Reached skill level 1 in Fighting
   167 | D:1      | Reached XP level 2. HP: 23/27 MP: 1/1
   297 | D:1      | Reached skill level 1 in Maces & Flails
   378 | D:1      | Reached skill level 1 in Armour
   677 | D:2      | Reached XP level 3. HP: 29/33 MP: 2/2
   770 | D:2      | Gained mutation: You are weak. (Str -2) [potion of
                  | mutation]
   770 | D:2      | Gained mutation: You evolve. [potion of mutation]
   770 | D:2      | Gained mutation: You are clumsy. (Dex -2) [potion of
                  | mutation]
   770 | D:2      | Gained mutation: You expend magic power (3 MP) to
                  | strengthen your wands. [potion of mutation]
   773 | D:2      | Lost mutation: You are weak. (Str -2) [potion of mutation]
   773 | D:2      | Lost mutation: You evolve. [potion of mutation]
   773 | D:2      | Lost mutation: You expend magic power (3 MP) to strengthen
                  | your wands. [potion of mutation]
   773 | D:2      | Lost mutation: You are clumsy. (Dex -2) [potion of
                  | mutation]
   773 | D:2      | Gained mutation: Your spells are a little easier to cast,
                  | but a little less powerful. [potion of mutation]
   773 | D:2      | Gained mutation: You expend magic power (3 MP) to
                  | strengthen your wands. [potion of mutation]
   773 | D:2      | Gained mutation: You can translocate small distances at
                  | will. [potion of mutation]
   799 | D:2      | You fall into a shaft and drop 2 floors!
   799 | D:4      | Found a shimmering altar of Xom.
   844 | D:4      | Reached XP level 4. HP: 18/42 MP: 0/3
   874 | D:4      | Slain by an orc

Illustrated notes

Levels and vault maps discovered:
D:1:      psy_arrival_dodecagon, layout_basic, minmay_misc_feat_rows
D:2:      layout_loops_ring, nzn_wu_jian_contemplation
D:4:      layout_basic, lemuel_coloured_pillars_altar, xom_teletrap_fun,
          dk_yredelemnul_ordeal, uniq_robin, uniq_sigmund

Skill      XL: |  1  2  3  4 |
---------------+-------------+-----
Fighting       | 1 2 |  2.2
Maces & Flails | 1 2 |  2.1
Armour         | 1 |  1.8
Dodging        | |  1.9
Stealth        | |  0.3
Evocations     | |  2.1

Action                   |  1- 3 |  4- 6 || total
-------------------------+-------+-------++-------
Melee: Club              |   145 |     4 ||   149
 Abil: Blink             |     1 |       ||     1
Evoke: Wand              |     1 |     8 ||     9
  Use: Scroll            |     3 |       ||     3
       Potion            |     3 |       ||     3
 Stab: Sleeping          |     1 |       ||     1
Armor: Robe              |    57 |       ||    57
       Skin              |    76 |     1 ||    77
Dodge: Dodged            |    76 |    11 ||    87
